 Dungeon Crawl Stone Soup version 0.20.1-1-g8b1a95d (webtiles) character file.

100 Cral the Firebug (level 4, 0/33 HPs)
             Began as a Draconian Fire Elementalist on July 2, 2017.
             Slain by Grinder (5 damage)
             ... while paralysed by Grinder
             ... on level 3 of the Dungeon.
             The game lasted 00:03:02 (2532 turns).

Cral the Firebug (Draconian Fire Elementalist)      Turns: 2532, Time: 00:03:03

Health: 0/33       AC:  5    Str: 10    XL:     4   Next: 47%
Magic:  6/7        EV:  2    Int: 16    God:
Gold:   128        SH:  0    Dex: 12    Spells: 1/7 levels left

rFire    . . .     SeeInvis .   j - +0 spear
rCold    . . .     Gourm    .   (no shield)
rNeg     . . .     Faith    .   (armour unavailable)
rPois    .         Spirit   .   (helmet restricted)
rElec    .         Reflect  .   (no cloak)
rCorr    .         Harm     .   (no gloves)
MR       .....                  (no boots)
Stlth    ++........             (no amulet)
Regen    0.2/turn               (no ring)
MPRegen  0.1/turn               (no ring)

@: paralysed
A: unfitting armour, cold-blooded, AC +5
a: no special abilities


You were on level 3 of the Dungeon.
You were not hungry.

You visited 1 branch of the dungeon, and saw 3 of its levels.

You collected 128 gold pieces.

Inventory:

Hand Weapons
 j - a +0 spear (weapon)
Armour
 k - a +1 robe of positive energy
Jewellery
 i - a +3 ring of evasion {unknown}
Scrolls
 c - a scroll of enchant armour {unknown}
 d - a scroll of identify {unknown}
 e - 2 scrolls of remove curse {unknown}
 f - a scroll of recharging {unknown}
 g - a scroll of enchant weapon {unknown}
 h - a scroll of amnesia {unknown}
 m - 2 scrolls of teleportation {unknown}
 n - a scroll of fear {unknown}
 p - 3 scrolls of blinking {unknown}
Potions
 o - a potion of degeneration {unknown}
Books
 a - a book of Flames

   Spells                             Type                      Level
   a - Flame Tongue                   Conjuration/Fire             1
   b - Throw Flame                    Conjuration/Fire             2
   c - Conjure Flame                  Conjuration/Fire             3
   d - Inner Flame                    Hexes/Fire                   3
   e - Sticky Flame                   Conjuration/Fire             4
   f - Fireball                       Conjuration/Fire             5
Comestibles
 b - a bread ration
 l - a meat ration
 q - 2 chunks of flesh


   Skills:
 - Level 1.7 Dodging
 - Level 1.7 Stealth
 - Level 2.0 Spellcasting
 + Level 1.9 Conjurations
 - Level 5.0 Fire Magic


You had one spell level left.
You knew the following spells:

 Your Spells              Type           Power        Failure   Level  Hunger
a - Flame Tongue          Conj/Fire      ##...        4%          1    #......
b - Conjure Flame         Conj/Fire      ##......     16%         3    ###....
c - Throw Flame           Conj/Fire      ##....       8%          2    ###....


Dungeon Overview and Level Annotations

Branches:
Dungeon (3/15)

Altars:

Annotations:
D:3 Grinder


Innate Abilities, Weirdness & Mutations

Your plain brown scales are hard. (AC +5)
You cannot fit into any form of body armour.
You are cold-blooded and may be slowed by cold attacks.


Message History

Confirm with . or Enter, or press ? or * to list all spells.
Aiming: Flame Tongue
Press: ? - help, Shift-Dir - straight line, f/p - adder
Aim: an adder (almost dead)
The flame tongue hits the adder.
You kill the adder!
Pain shoots through your body! The bat hits you but does no damage.
The bat hits you but does no damage. Something hits you but does no damage.
The bat barely misses you.
You suddenly lose the ability to move!
The bat barely misses you. The bat hits you but does no damage.
Something hits you!
You writhe in agony.
* * * LOW HITPOINT WARNING * * *
The bat hits you.
* * * LOW HITPOINT WARNING * * *
Something hits you but does no damage. The bat hits you but does no damage.
Something hits you but does no damage. The bat hits you but does no damage.
You shrug off the repeated paralysis!
The bat hits you but does no damage. Something hits you.
You die...

# #.########...# #
#(#.....##...#
###)#.######...##
...)#.# #†..# ......#
#..## ####### #...##
# #.b..## # ##....#
########### #..@..##
..........# ###....#
#########.#######...#
#.........†##
############


You could see a bat.

Vanquished Creatures
  2 adders
  2 oozes
  2 worms
  4 dart slugs (D:1)
  2 leopard geckos
  3 orcs (D:3)
  2 ball pythons
  3 giant cockroaches
  6 goblins
  4 hobgoblins
  2 jackals (D:1)
  9 bats
  2 frilled lizards
  7 kobolds
  5 rats
55 creatures vanquished.

Notes
Turn   | Place    | Note
-------+----------+-------------------------------------------
     0 | D:1      | Cral the Draconian Fire Elementalist began the quest for the Orb.
     0 | D:1      | Reached XP level 1. HP: 14/14 MP: 3/3
   173 | D:1      | Reached XP level 2. HP: 20/20 MP: 0/5
   460 | D:1      | Reached skill level 4 in Fire Magic
   652 | D:1      | Reached XP level 3. HP: 26/26 MP: 0/6
  1256 | D:1      | Learned a level 3 spell: Conjure Flame
  1259 | D:1      | Learned a level 2 spell: Throw Flame
  1907 | D:2      | Reached XP level 4. HP: 33/33 MP: 7/7
  2048 | D:2      | Reached skill level 5 in Fire Magic
  2515 | D:3      | Noticed Grinder
  2516 | D:3      | Paralysed by Grinder for 6 turns
  2527 | D:3      | Paralysed by something for 7 turns
  2532 | D:3      | Slain by Grinder

Skill      XL: |  1  2  3  4 |
---------------+-------------+-----
Fire Magic     | 4 5 |  5.0
Dodging        | |  1.7
Stealth        | |  1.7
Spellcasting   | |  2.0
Conjurations   | |  1.9

Action                   |  1- 3 |  4- 6 || total
-------------------------+-------+-------++-------
Melee: Unarmed           |    46 |       ||    46
       Tailslap          |     6 |    11 ||    17
       Spear             |    71 |    75 ||   146
 Cast: Flame Tongue      |    34 |     6 ||    40
  Use: Potion            |     2 |       ||     2
 Stab: Sleeping          |     2 |     2 ||     4
  Eat: Chunk             |     3 |     3 ||     6
Armor: Skin              |    31 |    29 ||    60
Dodge: Dodged            |    77 |    39 ||   116
